 Dungeon Crawl Stone Soup version 0.19.0-19-g8c6edcc (webtiles) character file.

17 vev the Firebug (level 2, -2/18 HPs)
             Began as a Demonspawn Fire Elementalist on Nov 14, 2016.
             Slain by Terence
             ... wielding a +3 flail of protection
              (3 damage)
             ... on level 2 of the Dungeon.
             The game lasted 00:02:25 (1365 turns).

vev the Firebug (Demonspawn Fire Elementalist)      Turns: 1365, Time: 00:02:26

Health: -2/18      AC:  5    Str:  8    XL:     2   Next: 44%
Magic:  5/5        EV: 15    Int: 14    God:
Gold:   64         SH:  7    Dex: 20    Spells: 0 memorised, 5 levels left

rFire  . . .     SeeInvis .     f - +0 whip
rCold  . . .     Gourm    .     a - +0 robe
rNeg   . . .     Faith    .     j - +0 shield
rPois  .         Spirit   .     e - +0 helmet
rElec  .         Reflect  .     (no cloak)
rCorr  .         Harm     .     (no gloves)
MR     .....                    (no boots)
Stlth  +++.......               (no amulet)
                                (no ring)
                                (no ring)

@: agile
A: slimy green scales 1, agile 1, dopey 1, frail 1
a: no special abilities


You were on level 2 of the Dungeon.
You were not hungry.

You visited 1 branch of the dungeon, and saw 2 of its levels.

You collected 64 gold pieces.

Inventory:

Hand Weapons
 f - a +0 whip (weapon)
 i - a +0 dagger
Armour
 a - a +0 robe (worn)
 e - a +0 helmet (worn)
 j - a +0 shield (worn)
Jewellery
 g - an uncursed ring of wizardry {unknown}
Scrolls
 m - a scroll of amnesia
Books
 b - a book of Flames

   Spells                             Type                      Level
   a - Flame Tongue                   Conjuration/Fire             1
   b - Throw Flame                    Conjuration/Fire             2
   c - Conjure Flame                  Conjuration/Fire             3
   d - Inner Flame                    Hexes/Fire                   3
   e - Sticky Flame                   Conjuration/Fire             4
   f - Fireball                       Conjuration/Fire             5
Comestibles
 c - 2 bread rations


   Skills:
 + Level 1.0 Fighting
 + Level 2.2 Dodging
 - Level 1.7 Stealth
 * Level 0.8 Shields
 - Level 2.0 Spellcasting
   Level 1.0 Conjurations
   Level 2.6 Fire Magic


You had 5 spell levels left.
You didn't know any spells.

Dungeon Overview and Level Annotations

Branches:
Dungeon (2/15)

Altars:

Annotations:
D:2 Terence


Innate Abilities, Weirdness & Mutations

You are partially covered in slimy green scales. (AC +2)
You are agile. (Dex +2)
You are dopey. (Int -2)
You are frail. (-10% HP)


Message History

Terence is almost dead.
Terence hits you with a flail of protection.
* * * LOW HITPOINT WARNING * * *
You hit Terence.
Terence is almost dead.
Terence hits you but does no damage.
You hit Terence but do no damage.
Terence is almost dead.
Terence closely misses you.
Your shield prevents you from hitting Terence.
Terence is almost dead.
Terence screams, "I'm going to kill you!"
Terence closely misses you.
Your shield prevents you from hitting Terence.
Terence is almost dead.
You block Terence's attack.
You closely miss Terence.
Terence is almost dead.
Terence hits you with a flail of protection.
You die...

### #... #.... ###...##
# ## #......##### ..#
)..
#..........####...##
..##..#.#..##..........
......#..@@..........
#.......##..........
#..#.#..##.####...##
#.......##.# ...#
#.##.......# ..#
#.########## .# #.# ##
#########.# ....(.....#


You could see Terence.

Vanquished Creatures
  2 dart slugs (D:1)
  A giant cockroach (D:1)
  4 goblins (D:1)
  A hobgoblin (D:1)
  2 bats (D:1)
  A kobold (D:1)
  A rat (D:1)
12 creatures vanquished.

Notes
Turn   | Place    | Note
-------+----------+-------------------------------------------
     0 | D:1      | vev the Demonspawn Fire Elementalist began the quest for the Orb.
     0 | D:1      | Reached XP level 1. HP: 13/13 MP: 3/3
   165 | D:1      | Reached skill level 2 in Dodging
   880 | D:1      | Gained mutation: You are partially covered in slimy green scales. (AC +2) [demonic ancestry]
   880 | D:1      | Reached XP level 2. HP: 13/20 MP: 5/5
   887 | D:1      | Reached skill level 1 in Fighting
  1331 | D:2      | Noticed Terence
  1337 | D:2      | Gained mutation: You are frail. (-10% HP) [potion of mutation]
  1337 | D:2      | Gained mutation: You are dopey. (Int -2) [potion of mutation]
  1337 | D:2      | Gained mutation: You are agile. (Dex +2) [potion of mutation]
  1360 | D:2      | HP: 1/18 [Terence/flail of protection (4)]
  1365 | D:2      | Slain by Terence

Skill      XL: |  1  2 |
---------------+-------+-----
Dodging        | 2 |  2.2
Fighting       | 1 |  1.0
Stealth        | |  1.7
Shields        | |  0.8
Spellcasting   | |  2.0
Conjurations   | |  1.0
Fire Magic     | |  2.6

Action                   || total
-------------------------++-------
Melee: Whip              ||    95
       Unarmed           ||     6
 Cast: Flame Tongue      ||     6
  Use: Scroll            ||     3
       Potion            ||     2
 Stab: Sleeping          ||     1
  Eat: Chunk             ||     2
Armor: Robe              ||    49
Dodge: Dodged            ||    51
Block: Shield            ||    44
